 Dungeon Crawl Stone Soup version 0.17.1-2-g5865329 (webtiles) character file.

117 ololoev the Covered (level 4, -4/35 HPs)
             Began as a Demonspawn Fighter on Feb 9, 2016.
             Was an Initiate of Okawaru.
             Slain by a sky beast (6 damage)
             ... on level 5 of the Dungeon.
             The game lasted 00:03:29 (524 turns).

ololoev the Covered (Demonspawn Fighter)             Turns: 524, Time: 00:03:30

Health: -4/35      AC: 10    Str: 17    XL:     4   Next: 71%
Magic:  5/5        EV: 11    Int: 10    God:    Okawaru [......]
Gold:   90         SH:  9    Dex: 17    Spells: 0 memorised, 3 levels left

rFire  . . .     SeeInvis .     a - +0 war axe
rCold  . . .     Clarity  .     b - +0 scale mail
rNeg   . . .     SustAt   .     c - +0 shield
rPois  .         Gourm    .     (no helmet)
rElec  .         Spirit   .     (no cloak)
rCorr  .         Warding  .     (no gloves)
rMut   .         Stasis   .     l - +0 pair of boots
MR     .....                    (no amulet)
Stlth  +++.......               (no ring)
                                (no ring)

@: agile, flying, not resistant to hostile enchantments, fairly stealthy
A: thin metallic scales 1, nightstalker 2
a: Renounce Religion


Innate Abilities, Weirdness & Mutations

You are partially covered in thin metallic scales (AC +2).
You are significantly more attuned to the shadows.

Inventory:

Hand Weapons
 a - a +0 war axe (weapon)
Armour
 b - a +0 scale mail (worn)
 c - a +0 shield (worn)
 l - a +0 pair of boots (worn)
Scrolls
 j - a scroll of recharging {unknown}
 k - a scroll of teleportation {unknown}
 m - a scroll of fog {unknown}
 n - a scroll of identify {unknown}
Comestibles
 e - 2 bread rations
 f - a slice of pizza
 g - 2 fruits
 h - a royal jelly
 o - 2 chunks of flesh
 p - a meat ration


   Skills:
 - Level 3.0 Fighting
 * Level 3.4 Axes
 + Level 3.5 Armour
 - Level 2.6 Shields
 + Level 2.3 Invocations


You had 3 spell levels left.
You didn't know any spells.


You were on level 5 of the Dungeon.
You worshipped Okawaru.
Okawaru was noncommittal.
You were not hungry.

You visited 1 branch of the dungeon, and saw 5 of its levels.

You collected 90 gold pieces.

..........#
########.#####
.........#
.#.#.##)#
##.#.# ##..##
.# ##..#####
#.# ##.Y......
#.###.#@######
#.....#.#
##.#.#.#)#
.........#
##.#.#.####
.........#####
#......)......
#.#.####.####
..#. #[#

Notes
Turn   | Place    | Note
--------------------------------------------------------------
     0 | D:1      | ololoev the Demonspawn Fighter began the quest for the Orb.
     0 | D:1      | Reached XP level 1. HP: 18/18 MP: 1/1
    20 | D:1      | Found an iron altar of Okawaru.
    29 | D:1      | Became a worshipper of Warmaster Okawaru
    62 | D:2      | Gained mutation: You are partially covered in thin metallic scales (AC +2). [demonic ancestry]
    62 | D:2      | Reached XP level 2. HP: 24/24 MP: 2/2
    67 | D:2      | Noticed Terence
    91 | D:2      | Killed Terence
    91 | D:2      | Reached skill level 1 in Invocations
    91 | D:2      | Gained mutation: You are slightly more attuned to the shadows. [demonic ancestry]
    91 | D:2      | Reached XP level 3. HP: 2/29 MP: 3/3
   370 | D:4      | Gained mutation: You are significantly more attuned to the shadows. [demonic ancestry]
   370 | D:4      | Reached XP level 4. HP: 31/35 MP: 3/5
   406 | D:4      | Found a staircase to the Ecumenical Temple.
   477 | D:5      | Entered Level 5 of the Dungeon
   499 | D:5      | Noticed a sky beast
   524 | D:5      | Slain by a sky beast

Dungeon Overview and Level Annotations

Branches:
Dungeon (5/15)             Temple (0/1) D:4

Altars:
Okawaru


Message History

A sky beast appears from thin air!
Reactivating autopickup.
You block the sky beast's attack. x2
You closely miss the sky beast.
The sky beast is moderately wounded.
You block the sky beast's attack.
You hit the sky beast but do no damage.
The sky beast is moderately wounded.
The sky beast barely misses you.
Drink which item? (? for menu, Esc to quit)
You feel agile all of a sudden. The sky beast hits you.
The sky beast shocks you.
You miss the sky beast.
The sky beast is moderately wounded.
The sky beast flickers out of sight!
Deactivating autopickup; reactivate with Ctrl-A.
Something hits you but does no damage. Something completely misses you.
You completely miss something. Something hits you. Something shocks you.
Drink which item? (? for menu, Esc to quit)
It was a potion of flight.
You feel very buoyant.
You fly up into the air.
Something completely misses you.
You see here a quarterstaff.
A sky beast appears from thin air!
Reactivating autopickup.
You hit the sky beast but do no damage.
The sky beast is moderately wounded.
The sky beast flickers out of sight!
Deactivating autopickup; reactivate with Ctrl-A.
Something hits you but does no damage.
A sky beast appears from thin air!
Reactivating autopickup.
The sky beast hits you but does no damage.
You hit the sky beast.
The sky beast is moderately wounded.
The sky beast closely misses you.
Unknown command.
You hit the sky beast.
The sky beast is heavily wounded.
The sky beast hits you. The sky beast shocks you.
You die...

You could see a sky beast.

Vanquished Creatures
  An orc priest (D:4)
  An orc wizard (D:4)
  Terence (D:2)
  An adder (D:4)
  2 giant geckos
  3 orcs
  2 giant cockroaches
  2 goblins
  4 kobolds
  A quokka (D:2)
  2 bats
  2 giant newts
  3 rats
25 creatures vanquished.

Action                   |  1- 3 |  4- 6 || total
-------------------------+-------+-------++-------
Melee: War axe           |    32 |    32 ||    64
Evoke: Wand              |     7 |       ||     7
  Use: Potion            |     2 |     2 ||     4
 Stab: Sleeping          |       |     1 ||     1

Vault maps used:
D:1:      lightli_arrival_flooded_house, okawaru_ov_weapons_minmay
D:2:      kennysheep_big_flooded_room, uniq_terence
D:3:      marbit_many_paths, lemuel_coloured_pillars_altar
D:4:      grunt_temple_overflow_diamond
D:5:      bloody_trog, first_bread, uniq_prince_ribbit1
